 Dungeon Crawl Stone Soup version 0.29-a0-925-g0a7a3d12f8 (webtiles) character file.

Game seed: 6708452746299919325

56 Ge0ff the Digger (level 3, -2/23 HPs)
             Began as an Octopode Earth Elementalist on July 29, 2022.
             Slain by a gnoll
             ... wielding a +0 whip
              (9 damage)
             ... on level 2 of the Dungeon.
             The game lasted 00:05:35 (2143 turns).

Ge0ff the Digger (Octopode Earth Elementalist)      Turns: 2143, Time: 00:05:35

Health: -2/23      AC:  1    Str:  7    XL:     3   Next: 97%
Magic:  5/6        EV: 13    Int: 19    God:
Gold:   125        SH:  0    Dex: 12    Spells: 5/6 levels left

rFire   . . .      SeeInvis .   a - +0 dagger
rCold   . . .      Faith    .   (no shield)
rNeg    . . .      Spirit   .   (helmet restricted)
rPois   +          Reflect  .   (no amulet)
rElec   .          Harm     .   P - ring of poison resistance
rCorr   .          Rampage  .   Q - ring of wizardry
Will    .....                   (no ring)
Stlth   +++.......              (no ring)
HPRegen 0.07/turn               (no ring)
MPRegen 0.10/turn               (no ring)
                                (no ring)
                                (no ring)

@: about to teleport
A: almost no armour, amphibious, 8 rings, camouflage 1, gelatinous body 1,
(nimble swimmer 1), tentacles
a: no special abilities


You were on level 2 of the Dungeon.
You visited 1 branch of the dungeon, and saw 2 of its levels.

You collected 125 gold pieces.

Inventory:

Hand Weapons
 a - a +0 dagger (weapon)
Missiles
 O - 4 poisoned darts
 S - 21 stones
Jewellery
 P - a ring of poison resistance (left tentacle)
 Q - a ring of wizardry (right tentacle)
Scrolls
 y - a scroll of immolation
 M - 2 scrolls of fear {unknown}
 N - a scroll of enchant weapon {unknown}
 R - a scroll of brand weapon {unknown}
 V - a scroll of identify {unknown}
 X - a scroll of noise {unknown}
Potions
 K - a potion of magic {!q}
 U - 2 potions of attraction {unknown}
 W - a potion of heal wounds {unknown}


   Skills:
 - Level 1.0 Fighting
 - Level 2.0 Dodging
 - Level 2.6 Stealth
 - Level 2.0 Spellcasting
 - Level 1.0 Transmutations
 + Level 4.5 Earth Magic


You had 5 spell levels left.
You knew the following spells:

 Your Spells              Type           Power      Damage    Failure   Level
k - Sandblast             Erth           38%        2d10      1%          1

Your spell library contained the following spells:

 Spells                   Type           Power      Damage    Failure   Level
 Passwall                 Tmut/Erth      10%        N/A       3%          2
 Stone Arrow              Conj/Erth      20%        3d8       9%          3
 Ozocubu's Armour         Ice            1%         N/A       21%         3
 Petrify                  Tmut/Erth      12%        N/A       21%         4
 Metabolic Englaciation   Hex/Ice        0%         N/A       86%         5
 Simulacrum               Ice/Necr       0%         N/A       100%        6


Dungeon Overview and Level Annotations

Branches:
Dungeon (2/15) Zot: 9809

Altars:


Innate Abilities, Weirdness & Mutations

You cannot wear most types of armour.
You are amphibious.
You can wear up to eight rings at the same time.
Your skin changes colour to match your surroundings (Stealth+).
Your rubbery body absorbs attacks. (AC +1, EV +1)
((You are camouflaged when in or above water. (Stealth+)))
You have tentacles for arms and can constrict up to eight enemies at once.


Message History

A rat comes into view.
The blast of sand hits the rat.
You kill the rat!
W - a golden potion A frilled lizard comes into view.
Found a club.
The blast of sand misses the frilled lizard.
The frilled lizard unfolds its giant frill.
The frilled lizard bites you.
The blast of sand hits the frilled lizard!
You kill the frilled lizard!
You start resting.
Magic restored.
HP restored.
Found a stone staircase leading down.
You now have 93 gold pieces (gained 8).
You now have 103 gold pieces (gained 10).
You now have 108 gold pieces (gained 5).
You now have 117 gold pieces (gained 9).
X - a scroll labelled SAGRYTT YBLY An adder comes into view.
The blast of sand hits the adder!
The adder is severely wounded.
The adder hisses angrily.
The blast of sand hits the adder!
You kill the adder!
You see here an adder corpse.
You now have 125 gold pieces (gained 8).
A rat comes into view. 2 gnolls come into view.
The blast of sand hits the rat!
You kill the rat!
The gnoll shouts!
A gnoll comes into view. It is wielding a +0 club.
The gnoll throws a throwing net.
The throwing net hits you.
You become entangled in the net!
You struggle against the net.
You struggle against the net.
You struggle against the net.
A gnoll comes into view. It is wielding a +0 whip.
You struggle against the net.
You rip the net and break free!
The gnoll barely misses you. The gnoll barely misses you.
The blast of sand hits the gnoll!
The gnoll is almost dead.
The gnoll shouts! x2
The gnoll hits you with a +0 whip! x2
As you read the scroll of teleportation, it crumbles to dust.
You feel strangely unstable. The gnoll hits you with a +0 whip!
You die...

#.# #....#.............
#.# #....##.....)....##
#.# #....##..........#
#.# #....##..........#
#.# ####.##..........#
#.# #.##..........## #.#
#.##............
##.######.####+#######..
#......@..g....# #..
########gg.....# ##..
#g......+ +... #.......#
##.. #.......# ###
#.......# #.......#
#.......# #.......#


You could see 4 gnolls.

Vanquished Creatures
  2 adders (D:2)
  A worm (D:2)
  A dart slug (D:1)
  An orc (D:2)
  2 ball pythons
  An endoplasm (D:1)
  2 giant cockroaches
  A hobgoblin (D:1)
  9 jackals
  A bat (D:1)
  3 frilled lizards
  3 kobolds
  6 rats
33 creatures vanquished.

Notes
Turn   | Place    | Note
-------+----------+-------------------------------------------
     0 | D:1      | Ge0ff the Octopode Earth Elementalist began the quest for
                  | the Orb.
     0 | D:1      | Reached XP level 1. HP: 11/11 MP: 3/3
   462 | D:1      | Reached skill level 1 in Fighting
   708 | D:1      | Reached XP level 2. HP: 18/18 MP: 3/5
  1399 | D:1      | Found a faded altar of an unknown god.
  1559 | D:2      | Reached XP level 3. HP: 19/23 MP: 1/6
  1687 | D:2      | Reached skill level 4 in Earth Magic
  2143 | D:2      | Slain by a gnoll

Illustrated notes

Levels and vault maps discovered:
D:1:      dpeg_arrival_long_road, layout_loops_corners,
          hellmonk_ecumenical_altar_slurped_away
D:2:      layout_basic, basic_altar, kennysheep_nub, kennysheep_generic_room_13,
          uniq_terence

Skill      XL: |  1  2  3 |
---------------+----------+-----
Fighting       | 1 |  1.0
Earth Magic    | 4 |  4.5
Dodging        | |  2.0
Stealth        | |  2.6
Spellcasting   | |  2.0
Transmutations | |  1.0

Action                   || total
-------------------------++-------
Melee: Dagger            ||     6
       Constrict         ||     2
       Tentacles         ||     1
Throw: Stone             ||     1
 Cast: Sandblast         ||    48
  Use: Scroll            ||     3
Armor: Skin              ||     1
Dodge: Dodged            ||    15

Table legend: (Time is in decaauts)
 A = Elapsed time spent in this place.
 B = Non-inter-level travel time spent in this place.
 C = Inter-level travel time spent in this place.
 D = Time resting spent in this place.
 E = Time spent auto-exploring this place.
 F = Levels seen in this place.
 G = Mean time per level.
                   A        B        C        D        E       F      G
               +--------+--------+--------+--------+--------+-----+--------+
         Total |   2189 |   2149 |     40 |    590 |   1140 |   2 | 1094.5 |
       Dungeon |   2189 |   2149 |     40 |    590 |   1140 |   2 | 1094.5 |
               +--------+--------+--------+--------+--------+-----+--------+

Top non-repeatable levels by time:
     D:1: 1532 daAuts
     D:2: 656 daAuts
